 Dungeon Crawl Stone Soup version 0.28.0-43-g3370ac3207 (webtiles) character file.

Game seed: 6258022092359459596

52 Kaptain the Digger (level 3, -3/20 HPs)
             Began as a Gargoyle Earth Elementalist on Mar 15, 2022.
             Slain by a scorpion (8 damage)
             ... on level 2 of the Dungeon.
             The game lasted 00:04:54 (2357 turns).

Kaptain the Digger (Gargoyle Earth Elementalist)    Turns: 2357, Time: 00:04:55

Health: -3/20      AC:  6    Str: 11    XL:     3   Next: 85%
Magic:  0/6        EV: 11    Int: 17    God:
Gold:   66         SH:  0    Dex: 10    Spells: 2/6 levels left

rFire   . . .      SeeInvis .   k - +0 short sword
rCold   . . .      Faith    .   (no shield)
rNeg    + . .      Spirit   .   d - +0 leather armour
rPois   ∞          Reflect  .   (no helmet)
rElec   +          Harm     .   (no cloak)
rCorr   .          Rampage  .   (no gloves)
Will    .....                   (no boots)
Stlth   ++........              (no amulet)
HPRegen 0.06/turn               (no ring)
MPRegen 0.10/turn               (no ring)

@: no status effects
A: sickness immunity, AC +3, negative energy resistance 1, electricity
resistance, torment resistance 1, petrification resistance
a: no special abilities


You were on level 2 of the Dungeon.
You visited 1 branch of the dungeon, and saw 2 of its levels.

You collected 66 gold pieces.

Inventory:

Hand Weapons
 e - a +0 hunting sling
 k - a +0 short sword (weapon)
Missiles
 a - 32 bolts
 c - 28 stones (quivered)
 m - 16 sling bullets
 n - 32 arrows
Armour
 d - a +0 leather armour (worn)
Jewellery
 f - a ring of fire
Scrolls
 b - a scroll of acquirement {unknown}
 g - a scroll of fear {unknown}
 h - 2 scrolls of identify {unknown}
 i - a scroll of immolation {unknown}
 o - a scroll of teleportation {unknown}
Potions
 j - a potion of attraction {unknown}
 l - 2 potions of heal wounds {unknown}
 p - a potion of invisibility {unknown}


   Skills:
 * Level 1.5 Fighting
 + Level 0.8 Armour
 - Level 1.5 Dodging
 - Level 2.1 Stealth
 * Level 2.4 Spellcasting
 * Level 1.5 Conjurations
 - Level 0.7 Transmutations
 * Level 4.1 Earth Magic


You had 2 spell levels left.
You knew the following spells:

 Your Spells              Type           Power      Damage    Failure   Level
a - Sandblast             Erth           32%        2d9       4%          1
b - Stone Arrow           Conj/Erth      22%        3d8       22%         3

Your spell library contained the following spells:

 Spells                   Type           Power      Damage    Failure   Level
 Passwall                 Tmut/Erth      8%         N/A       14%         2
 Animate Skeleton         Necr           4%         N/A       24%         1
 Apportation              Tloc           4%         N/A       24%         1
 Petrify                  Tmut/Erth      10%        N/A       65%         4
 Summon Forest            Summ/Tloc      1%         N/A       100%        5
 Death's Door             Necr           1%         N/A       100%        9


Dungeon Overview and Level Annotations

Branches:
Dungeon (2/15)

Altars:
Elyvilon


Innate Abilities, Weirdness & Mutations

You are immune to sickness and miasma.
Your stone body is resilient. (AC +3)
You are immune to poison.
You resist negative energy. (rN+)
You are resistant to electric shocks. (rElec)
You are resistant to unholy torment.
You are immune to petrification.


Message History

Press: ? - help, Shift-Dir - straight line, f/p - scorpion
Aim: a scorpion (lightly wounded, 79% to hit)
The blast of sand hits the scorpion.
The scorpion is heavily wounded.
c - 31 stones The scorpion stings you!
Casting: Sandblast (safe; 4% risk of failure)
Confirm with . or Enter, or press ? or * to list all spells.
Aiming: Sandblast (safe; 4% risk of failure)
Press: ? - help, Shift-Dir - straight line, f/p - scorpion
Aim: a scorpion (moderately wounded, 79% to hit)
The blast of sand hits the scorpion.
The scorpion is heavily wounded.
c - 30 stones The scorpion stings you.
Casting: Sandblast (safe; 4% risk of failure)
Confirm with . or Enter, or press ? or * to list all spells.
Aiming: Sandblast (safe; 4% risk of failure)
Press: ? - help, Shift-Dir - straight line, f/p - scorpion
Aim: a scorpion (heavily wounded, 79% to hit)
The blast of sand hits the scorpion but does no damage.
The scorpion is heavily wounded.
c - 29 stones The scorpion stings you.
* * * LOW HITPOINT WARNING * * *
Casting: Sandblast (safe; 4% risk of failure)
Confirm with . or Enter, or press ? or * to list all spells.
Aiming: Sandblast (safe; 4% risk of failure)
Press: ? - help, Shift-Dir - straight line, f/p - scorpion
Aim: a scorpion (heavily wounded, 79% to hit)
The blast of sand hits the scorpion.
The scorpion is severely wounded.
c - 28 stones The scorpion barely misses you.
You aren't carrying any items that you can evoke.
Unknown command.
k - a +0 short sword (weapon)
The scorpion barely misses you. The scorpion stings you!
You die...

#§ ♣♣♣♣.P.PP♣..♣♣
#P§ ♣♣♣P†..♣..PP♣P
##♣§♣♣.♣.♣..♣P♣....
#.P♣.♣..P♣†♣♣♣P.♣..
#♣P..♣P.♣.♣♣.♣PPP.♣.
#.♣PP♣.♣P.♣.P♣.P♣...
♣.♣♣.♣.♣.♣♣..♣..P..
###
#P.♣♣♣♣♣♣P♣.♣...♣.
..(..##@♣♣
♣P♣.P.♣.P♣♣
......s.#
♣♣♣.♣.♣..♣.
......### ♣P♣♣♣§§♣P
...... .♣ ♣§♣♣♣
..... ♣♣ §♣§♣. .....
§ ♣P. .... ## ###
....


You could see a scorpion.

Vanquished Creatures
  2 gnolls (D:2)
  5 ball pythons
  3 endoplasms
  3 hobgoblins (D:1)
  3 kobolds
  6 quokkas
  3 bats
  3 frilled lizards
  2 goblins
  2 rats
32 creatures vanquished.

Vanquished Creatures (others)
  16 plants (D:2)
16 creatures vanquished.

Grand Total: 48 creatures vanquished

Notes
Turn   | Place    | Note
-------+----------+-------------------------------------------
     0 | D:1      | Kaptain the Gargoyle Earth Elementalist began the quest for
                  | the Orb.
     0 | D:1      | Reached XP level 1. HP: 10/10 MP: 3/3
   108 | D:1      | Got the Disquisition on Warped Sinister Arts
   414 | D:1      | Reached XP level 2. HP: 13/16 MP: 1/5
   485 | D:1      | Found a faded altar of an unknown god.
  1045 | D:1      | Reached skill level 1 in Fighting
  1497 | D:1      | Reached skill level 1 in Conjurations
  1712 | D:2      | Reached skill level 4 in Earth Magic
  1795 | D:2      | Reached XP level 3. HP: 20/20 MP: 4/6
  1799 | D:2      | Learned a level 3 spell: Stone Arrow
  2195 | D:2      | Found a white marble altar of Elyvilon.
  2348 | D:2      | Noticed a scorpion
  2357 | D:2      | Slain by a scorpion

Illustrated notes

Levels and vault maps discovered:
D:1:      grunt_arrival_crossed_arrows, layout_basic,
          shapermc_ecumenical_altar_venn, minmay_hedge_maze, minmay_cupped
D:2:      wad_woods_stonehenge, layout_basic

Skill      XL: |  1  2 |
---------------+-------+-----
Fighting       | 1 |  1.5
Conjurations   | 1 |  1.5
Earth Magic    | 4 |  4.1
Armour         | |  0.8
Dodging        | |  1.5
Stealth        | |  2.1
Spellcasting   | |  2.4
Transmutations | |  0.7

Action                   || total
-------------------------++-------
Melee: Unarmed           ||     8
       Dagger            ||     8
       Short sword       ||    25
       Punch             ||     1
 Fire: Hunting sling     ||     7
Throw: Boomerang         ||     5
       Stone             ||     2
 Cast: Sandblast         ||    52
 Stab: Sleeping          ||     1
Armor: Leather armour    ||    18
       Robe              ||     7
Dodge: Dodged            ||    40
